 Dungeon Crawl Stone Soup version 0.22.1-2-g9c5b331 (webtiles) character file.

666 Lilu the Conjurer (level 7, -1/40 HPs)
             Began as a Deep Elf Conjurer on Nov 12, 2018.
             Slain by an orc warrior
             ... wielding a +0 hand axe
              (19 damage)
             ... on level 5 of the Dungeon.
             The game lasted 00:16:02 (5274 turns).

Lilu the Conjurer (Deep Elf Conjurer)               Turns: 5274, Time: 00:16:03

Health: -1/40      AC:  6    Str:  7    XL:     7   Next: 31%
Magic:  26/26      EV: 12    Int: 20    God:
Gold:   286        SH:  0    Dex: 15    Spells: 13/16 levels left

rFire    . . .     SeeInvis +   i - +0 hunting sling
rCold    . . .     Gourm    +   (no shield)
rNeg     . . .     Faith    .   e - +0 ring mail
rPois    .         Spirit   .   (no helmet)
rElec    .         Reflect  .   (no cloak)
rCorr    .         Harm     .   (no gloves)
MR       .....                  H - +0 pair of boots
Stlth    +.........             G - amulet of the gourmand
HPRegen  0.13/turn              x - ring of see invisible
MPRegen  0.20/turn              C - ring of magical power

@: no status effects
A: no striking features
a: no special abilities


You were on level 5 of the Dungeon.
You were not hungry.

You visited 1 branch of the dungeon, and saw 6 of its levels.

You collected 286 gold pieces.

Inventory:

Hand Weapons
 d - a +0 spear
 i - a +0 hunting sling (weapon)
 y - a +0 longbow
Missiles
 j - 183 stones (quivered)
 m - 32 sling bullets
 z - 15 arrows
Armour
 a - a +0 robe
 e - a +0 ring mail (worn)
 g - a +0 chain mail
 p - a +0 leather armour
 v - a +0 plate armour
 E - a +0 scale mail
 H - a +0 pair of boots (worn)
 J - a +0 robe of fire resistance
Jewellery
 t - an uncursed ring of resist corrosion
 x - a ring of see invisible (left hand)
 B - an uncursed ring of wizardry
 C - a ring of magical power (right hand)
 G - an amulet of the gourmand (around neck)
Scrolls
 b - a scroll of enchant weapon {unknown}
 l - 8 scrolls of identify {unknown}
 n - 2 scrolls of remove curse {unknown}
 o - 3 scrolls of teleportation {unknown}
 r - a scroll of amnesia {unknown}
 u - a scroll of immolation {unknown}
 D - a scroll of fear {unknown}
 I - a scroll of enchant armour {unknown}
Potions
 f - a potion of flight {unknown}
 h - 7 potions of heal wounds {unknown}
 k - 2 potions of magic {unknown}
 q - a potion of mutation {unknown}
 s - 3 potions of curing {unknown}
 w - a potion of haste {unknown}
 A - a potion of agility {unknown}
 F - a potion of degeneration {unknown}
Comestibles
 c - 8 rations


   Skills:
 + Level 2.6 Fighting
 + Level 4.9 Dodging
 - Level 2.4 Stealth
 + Level 5.4 Spellcasting
 * Level 7.1 Conjurations


You had 13 spell levels left.
You knew the following spells:

 Your Spells              Type           Power        Failure   Level  Hunger
a - Magic Dart            Conj           ####         1%          1    None
b - Searing Ray           Conj           ####..       3%          2    None

Your spell library contained the following spells:

 Spells                   Type           Power        Failure   Level  Hunger
 Iskenderun's Mystic Bla  Conj           ####....     21%         4    ####...
 Dazzling Spray           Conj/Hex       ###...       26%         3    ##.....
 Beastly Appendage        Tmut           #.....       36%         1    None
 Sticks to Snakes         Tmut           #.......     52%         2    None
 Force Lance              Conj/Tloc      ###.....     65%         4    ####...
 Fulminant Prism          Conj/Hex       ###.......   65%         4    ####...
 Spider Form              Tmut/Pois      #.........   75%         3    ##.....
 Ice Form                 Ice/Tmut       #.......     98%         4    ####...
 Blade Hands              Tmut           #.........   100%        5    #####..


Dungeon Overview and Level Annotations

Branches:
Dungeon (6/15)
 Temple: D:4-7

Altars:
Elyvilon
Kikubaaqudgha
Makhleb
Okawaru
Sif Muna
Trog
Uskayaw
Wu Jian
The Shining One


Message History

Beogh smites you!
* * * LOW HITPOINT WARNING * * *
There is a stone staircase leading up here.
You climb upwards.
There is a stone staircase leading down here.
There is an open door here.
There is an open door here.
There is an open door here.
There is an open door here.
There is an open door here.
The orc warrior barely misses you.
There is an open door here.
There is a stone staircase leading up here.
There is an open door here.
Press: ? - help, v - describe, . - travel
Here: an orc warrior, wielding a hand axe and wearing a plate armour The floor.
The orc warrior closely misses you.
The orc warrior hits you with a hand axe!!
You die...

..#...#...........#
.##...#...........#
.############.....#
.......#....#.....#
.......#....'.....#
.########...#.....#
.###..###...#.....#
.......#....+.....#
.......#....#..o@.#
.......#....#.....#
#+###..##...#.....#
#.####+############
........# ........#
........# ........#
#'########


You could see an orc warrior.

Vanquished Creatures
  2 phantoms (D:5)
  Blork the orc (D:4)
  A scorpion (D:5)
  A howler monkey (D:4)
  A crimson imp (D:5)
  An orc wizard (D:4)
  An iguana (D:5)
  5 worker ants
  A gnoll (D:1)
  4 adders
  A shadow imp (D:5)
  An adder skeleton (D:4)
  2 worms
  2 dart slugs (D:1)
  4 leopard geckos
  5 orcs
  6 bats
  3 giant cockroaches
  5 goblins
  6 hobgoblins
  7 jackals
  2 quokkas
  3 frilled lizards
  5 kobolds
  5 rats
75 creatures vanquished.

Notes
Turn   | Place    | Note
-------+----------+-------------------------------------------
     0 | D:1      | Lilu the Deep Elf Conjurer began the quest for the Orb.
     0 | D:1      | Reached XP level 1. HP: 10/10 MP: 6/6
   252 | D:1      | Reached XP level 2. HP: 16/16 MP: 6/8
   466 | D:1      | Learned a level 2 spell: Searing Ray
   932 | D:1      | Reached XP level 3. HP: 20/20 MP: 6/9
   994 | D:1      | Reached skill level 5 in Conjurations
  1838 | D:2      | Reached skill level 1 in Fighting
  2127 | D:3      | Reached XP level 4. HP: 25/25 MP: 8/11
  3169 | D:4      | Reached XP level 5. HP: 29/29 MP: 13/13
  3332 | D:4      | Noticed Blork the orc
  3340 | D:4      | Killed Blork the orc
  3340 | D:4      | Reached skill level 6 in Conjurations
  3340 | D:4      | Reached XP level 6. HP: 27/35 MP: 11/14
  3513 | D:4      | Found a burning altar of Makhleb.
  3516 | D:4      | Found an ancient bone altar of Kikubaaqudgha.
  3520 | D:4      | Found a deep blue altar of Sif Muna.
  3522 | D:4      | Found a glowing golden altar of the Shining One.
  3522 | D:4      | Found a white marble altar of Elyvilon.
  3522 | D:4      | Found a hide-covered altar of Uskayaw.
  3523 | D:4      | Found an iron altar of Okawaru.
  3524 | D:4      | Found a bloodstained altar of Trog.
  3526 | D:4      | Found an ornate altar of the Wu Jian Council.
  4103 | D:5      | Entered Level 5 of the Dungeon
  4404 | D:5      | Reached skill level 5 in Spellcasting
  4525 | D:5      | Reached XP level 7. HP: 40/40 MP: 11/16
  4754 | D:5      | Reached skill level 7 in Conjurations
  5274 | D:5      | Slain by an orc warrior

Skill      XL: |  1  2  3  4  5  6  7 |
---------------+----------------------+-----
Conjurations   | 5 6 7 |  7.1
Dodging        | 3 4 |  4.9
Fighting       | 1 2 |  2.6
Spellcasting   | 4 5 |  5.4
Stealth        | |  2.4

Action                   |  1- 3 |  4- 6 |  7- 9 || total
-------------------------+-------+-------+-------++-------
Melee: Spear             |       |     3 |       ||     3
 Fire: Hunting sling     |     3 |     8 |       ||    11
 Cast: Magic Dart        |    71 |    96 |    26 ||   193
       Searing Ray       |     2 |     9 |     3 ||    14
  Eat: Chunk             |     3 |    12 |     4 ||    19
Armor: Leather armour    |     2 |    10 |       ||    12
       Robe              |     1 |       |       ||     1
       Ring mail         |       |     1 |     2 ||     3
Dodge: Dodged            |    10 |    23 |     6 ||    39
